 Dungeon Crawl Stone Soup version 0.30-a0-743-gbfdf073431 (webtiles) character file.

Game seed: 12282652140073080108

483 ragingrage the Firebug (level 7, -1/46 HPs)
             Began as a Human Fire Elementalist on Feb 5, 2023.
             Slain by a killer bee (3 damage)
             ... on level 5 of the Dungeon.
             The game lasted 00:03:38 (4517 turns).

ragingrage the Firebug (Human Fire Elementalist)    Turns: 4517, Time: 00:03:39

Health: -1/46      AC:  8    Str: 12    XL:     7   Next: 34%
Magic:  8/10       EV: 11    Int: 16    God:
Gold:   163        SH:  0    Dex: 13    Spells: 3/10 levels left

rFire   . . .      SeeInvis .    j - +0 dagger
rCold   . . .      Faith    .    (no shield)
rNeg    . . .      Spirit   .    q - +3 leather armour {rPois}
rPois   +          Reflect  .    d - +1 helmet
rElec   .          Harm     .    (no cloak)
rCorr   .          Rampage  .    (no gloves)
Will    .....                    (no boots)
Stlth   ++                       (no amulet)
HPRegen 0.27/turn                (no ring)
MPRegen 0.12/turn                (no ring)

@: lethally poisoned (-1 -> -4), about to teleport
A: strong 1
a: no special abilities


You were on level 5 of the Dungeon.
You visited 1 branch of the dungeon, and saw 5 of its levels.

You collected 163 gold pieces.

Inventory:

Hand Weapons
 j - a +0 dagger (weapon)
Armour
 d - a +1 helmet (worn)
 q - a +3 leather armour of poison resistance (worn)
Scrolls
 e - a scroll of teleportation
 f - a scroll of poison {unknown}
 g - a scroll of vulnerability {unknown}
 i - a scroll of silence {unknown}
 k - 2 scrolls of enchant armour {unknown}
 m - a scroll of fog {unknown}
 o - a scroll of butterflies {unknown}
 p - 3 scrolls of noise {unknown}
Potions
 a - a potion of flight {unknown}
 c - a potion of mutation
 h - a potion of might {unknown}
 l - 2 potions of lignification {unknown}
 n - a potion of degeneration {unknown}


   Skills:
 - Level 2.0 Dodging
 + Level 3.0 Stealth
 + Level 2.3 Spellcasting
 - Level 4.0 Conjurations
 + Level 6.1 Fire Magic


You had 3 spell levels left.
You knew the following spells:

 Your Spells              Type           Power      Damage    Failure   Level
a - Foxfire               Conj/Fire      72%        2x1d7     3%          1
b - Scorch                Fire           42%        2d7       3%          2
c - Flame Wave            Conj/Fire      18%        2d7       30%         4

Your spell library contained the following spells:

 Spells                   Type           Power      Damage    Failure   Level
 Inner Flame              Hex/Fire       11%        N/A       22%         3
 Kindle Blastsparks       Fire/Tloc/Air  16%        2d11      32%         3
 Leda's Liquefaction      Hex/Erth       0%         N/A       94%         4
 Lee's Rapid Deconstruct  Erth           0%         3d4*      100%        5
 Statue Form              Tmut/Erth      0%         N/A       100%        6


Dungeon Overview and Level Annotations

Branches:
Dungeon (5/15)
 Temple: D:4-7

Altars:
Fedhas
Gozag
Makhleb
Trog
Uskayaw
Yredelemnul

Shops:
D:1 (

Annotations:
D:3 Ijyb
D:4 2 transporters, exclusion: upstairs


Innate Abilities, Weirdness & Mutations

Your muscles are strong. (Str +4, Int/Dex -1)


Message History

Casting: Foxfire (safe; 3% risk of failure)
Confirm with . or Enter, or press ? or * to list all spells.
Flames lash the killer bee.
The killer bee is moderately wounded.
The killer bee's fire resistance burns away.
The killer bee stings you.
The killer bee stings you but does no damage.
The killer bee stings you.
You are poisoned.
The killer bee poisons you! Magic courses through your body.
You feel sick. The killer bee barely misses you. The killer bee stings you.
The killer bee barely misses you.
The killer bee stings you but does no damage. x2
Unknown command.
Casting: Scorch (safe; 3% risk of failure)
Confirm with . or Enter, or press ? or * to list all spells.
Flames lash the killer bee.
The killer bee is severely wounded.
The killer bee's fire resistance burns away.
You feel sick. The killer bee barely misses you. The killer bee stings you.
The killer bee barely misses you. The killer bee stings you.
The killer bee stings you! The killer bee closely misses you.
As you read the scroll labelled PINTAWYZAE, it crumbles to dust.
You feel strangely unstable.
It was a scroll of teleportation.
You feel sick.
The killer bee is no longer more vulnerable to fire.
The killer bee closely misses you. The killer bee stings you.
The killer bee stings you but does no damage.
The killer bee misses you. The killer bee barely misses you.
The killer bee completely misses you.
Unknown command.
It was a potion of mutation.
You feel extremely strange.
You feel stronger.
You feel sick. The killer bee barely misses you. x2
The killer bee stings you.
* * * LOW HITPOINT WARNING * * *
The killer bee stings you!
* * * LOW HITPOINT WARNING * * *
The killer bee barely misses you. The killer bee stings you.
You die...

#.........# #.........#
#.........#
########...#####.### ####
#§........## #...###.....
#§.........######..........
##§...#.##.............)§...
#.§.................###.....
#.v...#..##y@...............
......#..##yy...)...###...§.
................))).# ..
.......<....).......#
....................#
..#.....###.........#
......####..........# ......
............ ##....
...........#


You could see 3 killer bees.

Vanquished Creatures
  A black bear (D:5)
  A phantom (D:4)
  A killer bee (D:5)
  A hound (D:4)
  A jelly (D:4)
  2 iguanas (D:4)
  2 orc wizards
  2 adders
  An ufetubus (D:5)
  3 dart slugs
  14 orcs
  4 bats
  7 endoplasms
  3 giant cockroaches
  3 goblins
  8 hobgoblins
  4 jackals (D:4)
  3 quokkas
  9 ball pythons
  3 frilled lizards
  3 kobolds
  2 rats (D:3)
78 creatures vanquished.

Vanquished Creatures (collateral kills)
  2 foxfires (D:1)
2 creatures vanquished.

Vanquished Creatures (others)
  343 foxfires
  A plant (D:1)
344 creatures vanquished.

Grand Total: 424 creatures vanquished

Notes
Turn   | Place    | Note
-------+----------+-------------------------------------------
     0 | D:1      | ragingrage the Human Fire Elementalist began the quest for
                  | the Orb.
     0 | D:1      | Reached XP level 1. HP: 13/13 MP: 3/3
   182 | D:1      | Reached XP level 2. HP: 19/19 MP: 0/5
   528 | D:1      | Found a faded altar of an unknown god.
   641 | D:1      | Reached XP level 3. HP: 24/24 MP: 1/6
  1326 | D:1      | Found Citteut's Antique Weapon Boutique.
  1347 | D:1      | Learned a level 2 spell: Scorch
  1961 | D:2      | Reached XP level 4. HP: 30/30 MP: 4/7
  2236 | D:3      | Found a bloodstained altar of Trog.
  2265 | D:3      | Found a blossoming altar of Fedhas.
  2277 | D:3      | Found an opulent altar of Gozag.
  2545 | D:3      | Noticed Ijyb
  2699 | D:4      | Reached skill level 4 in Fire Magic
  2735 | D:4      | Reached XP level 5. HP: 35/35 MP: 3/8
  3041 | D:4      | Found a transporter.
  3182 | D:4      | Found a transporter.
  3243 | D:4      | Learned a level 4 spell: Flame Wave
  3339 | D:4      | Noticed an ice beast
  3366 | D:4      | Noticed an ice beast
  3393 | D:4      | Noticed an ice beast
  3416 | D:4      | Noticed a phantom
  3434 | D:4      | Killed a phantom
  3435 | D:4      | Reached XP level 6. HP: 31/41 MP: 0/9
  3639 | D:4      | Reached skill level 5 in Fire Magic
  3853 | D:4      | Found a burning altar of Makhleb.
  3854 | D:4      | Found a basalt altar of Yredelemnul.
  3856 | D:4      | Found a hide-covered altar of Uskayaw.
  4058 | D:5      | Entered Level 5 of the Dungeon
  4253 | D:5      | Noticed a black bear
  4254 | D:5      | Reached XP level 7. HP: 44/46 MP: 5/10
  4302 | D:5      | Reached skill level 6 in Fire Magic
  4517 | D:5      | Gained mutation: Your muscles are strong. (Str +4, Int/Dex
                  | -1) [potion of mutation]
  4517 | D:5      | HP: 2/46 [killer bee (7)]
  4517 | D:5      | Slain by a killer bee

Illustrated notes

Levels and vault maps discovered:
D:1:      dpeg_arrival_prison, layout_basic, serial_shops, shop,
          nicolae_ecumenical_snake_handling, hangedman_decor_growths,
          serial_bayou_ford_a
D:2:      layout_rooms
D:3:      layout_rooms, nicolae_overflow_quartered_altars, uniq_ijyb
D:4:      gammafunk_cloud_chamber, layout_loops_corners, minitemple
D:5:      layout_rooms

Skill      XL: |  1  2  3  4  5  6  7 |
---------------+----------------------+-----
Conjurations   | 2 3 4 |  4.0
Stealth        | 3 |  3.0
Fire Magic     | 4 5 6 |  6.1
Dodging        | |  2.0
Spellcasting   | |  2.3

Action                     |  1- 3 |  4- 6 |  7- 9 || total
---------------------------+-------+-------+-------++-------
  Melee: Unarmed           |    18 |       |       ||    18
         Punch             |     2 |       |       ||     2
         Dagger            |    20 |    17 |     1 ||    38
   Cast: Foxfire           |    85 |   103 |    25 ||   213
         Scorch            |       |     3 |     4 ||     7
    Use: Potion            |       |       |     2 ||     2
         Scroll            |       |       |     1 ||     1
 Armour: Robe              |    14 |     2 |       ||    16
         Leather armour    |       |    11 |    11 ||    22
  Dodge: Dodged            |    31 |    25 |    31 ||    87

Table legend: (Time is in decaauts)
 A = Elapsed time spent in this place.
 B = Non-inter-level travel time spent in this place.
 C = Inter-level travel time spent in this place.
 D = Time resting spent in this place.
 E = Time spent auto-exploring this place.
 F = Levels seen in this place.
 G = Mean time per level.
                   A        B        C        D        E       F      G
               +--------+--------+--------+--------+--------+-----+--------+
         Total |   4530 |   4413 |    117 |    746 |   2983 |   5 |  906.0 |
       Dungeon |   4530 |   4413 |    117 |    746 |   2983 |   5 |  906.0 |
               +--------+--------+--------+--------+--------+-----+--------+

Top non-repeatable levels by time:
     D:4: 1797 daAuts
     D:1: 1570 daAuts
     D:2: 707 daAuts
     D:3: 289 daAuts
     D:5: 166 daAuts
